Cogmind - Beta 9.4 @@@ ROGUE MODE // 2020.03.10 @ 02:23:43 Player: Zailor Result: Destroyed by Y-72 Warden with Railgun Performance ------------- Evolutions (7) 3500 Regions Visited (18) 3600 Robots Destroyed (190) 950 Value Destroyed (9916) 9916 Prototype IDs (24) 480 Alien Tech Used (0) 0 Bonus (8430) 8430 TOTAL SCORE: 26876 Bonus ------- Triggered High Security 500 High Alert Combat Kills 3103 Follower Combat Kills 3016 Entered Garrisons 200 Used RIF Installer 500 Met Data Miner 300 Built Enhanced Grunts 300 A7 Reached Mainframe 300 Met R17 at Cetus 500 Friendly Fire -289 Cogmind --------- Core Integrity 0/1300 Matter 294/300 Energy 100/100 System Corruption 56% Temperature Cool (0) Movement Core (50) Location -3/Research Parts ------- > --- POWER (2) -------- (None) > --- PROPULSION (6) --- (None) > --- UTILITY (9) ------ (None) > --- WEAPON (4) ------- (None) > --- INVENTORY (4) ---- Reinforced Antimatter Reactor Medium Treads Improved KE Penetrator Long-range Missile Launcher Peak State ------------ > --- POWER ------------ Neutrino Core Quantum Reactor > --- PROPULSION ------- Centrium Heavy Treads Centrium Heavy Treads Centrium Heavy Treads > --- UTILITY ---------- Advanced Heat Sink Advanced Heat Sink Medium Storage Unit Large Storage Unit Advanced Target Analyzer Improved Weapon Cycler Layered Medium Armor Plating Layered Heavy Armor Plating > --- WEAPON ----------- Gamma Rifle KE Penetrator Railgun Improved KE Penetrator > --- INVENTORY -------- Light Antimatter Reactor Heavy Treads Matter Compressor Centrium Medium Armor Plating Gamma Rifle Heavy Machine Gun Heavy Machine Gun Heavy Machine Gun Improved KE Penetrator Proton Missile Launcher Long-range Missile Launcher Advanced Remote Datajack Phasing Sabre [Rating: 149] Favorites ----------- Power Improved Deuterium Engine Engine Improved Deuterium Engine Power Core Neutrino Core Reactor Light Antimatter Reactor Propulsion Centrium Heavy Treads Treads Centrium Heavy Treads Leg Carbon-fiber Leg Utility Medium Storage Unit Device Improved Cooling System Storage Medium Storage Unit Processor Enhanced Optical Array Hackware Relay Coupler [Grunt] Protection Hardened Heavy Armor Plating Weapon Coil Gun Energy Gun Gamma Rifle Energy Cannon Advanced Plasma Cannon Ballistic Gun Coil Gun Ballistic Cannon Bore Cannon Launcher Proton Missile Launcher Special Weapon Remote Datajack Impact Weapon Heavy Hammer Slashing Weapon Phasing Sabre Piercing Weapon Enhanced Force Lance Build | -11 -10 -9 -8 -8 -8 -7 -6 -6 -6 -6 -5 -5 -5 -5 -5 -5 -4 -3 ------- Run | Scr Mat Mat Mat Sto Gar Fac Fac Low Low Dat Pro Fac Ext Cet Arc Hub Fac Res Slots Evolved 14 | . . 2 2 . . 2 2 . . . . 2 . . . . 2 2 Power 1 | . . . . . . . 1 . . . . . . . . . . . Propulsion 4 | . . . . . . 2 . . . . . . . . . . 2 . Utility 7 | . . 1 1 . . . 1 . . . . 2 . . . . . 2 Weapon 2 | . . 1 1 . . . . . . . . . . . . . . . Parts Attached 251 | 6 1 14 15 . 15 36 4 5 6 . 4 3 25 10 3 1 6 97 Power 27 | 1 1 1 2 . 2 2 1 1 1 . . . 4 . . . 1 10 Engine 13 | 1 1 1 2 . 2 2 1 1 1 . . . 1 . . . . . Core 2 | . . . . . . . . . . . . . 2 . . . . . Reactor 12 | . . . . . . . . . . . . . 1 . . . 1 10 Propulsion 51 | 2 . 1 2 . 3 8 1 . 2 . 3 . 7 4 . . 1 17 Treads 18 | . . . . . 3 2 . . . . 1 . 1 4 . . 1 6 Leg 33 | 2 . 1 2 . . 6 1 . 2 . 2 . 6 . . . . 11 Wheel . | . . . . . . . . . . . . . . . . . . . Hover . | . . . . . . . . . . . . . . . . . . . Flight . | . . . . . . . . . . . . . . . . . . . Utility 74 | 1 . 3 4 . 4 9 1 . 1 . . 2 2 2 2 . 3 40 Device 33 | . . 1 1 . 2 3 . . . . . . . 1 1 . . 24 Storage 7 | 1 . 1 2 . . 1 . . . . . . . . . . 1 1 Processor 7 | . . . . . . . 1 . . . . 1 . . . . . 5 Hackware 4 | . . . . . . 1 . . . . . 1 1 . 1 . . . Protection 23 | . . 1 1 . 2 4 . . 1 . . . 1 1 . . 2 10 Artifact . | . . . . . . . . . . . . . . . . . . . Weapon 99 | 2 . 9 7 . 6 17 1 4 2 . 1 1 12 4 1 1 1 30 Energy Gun 21 | 1 . 2 3 . . 4 . . . . 1 . 4 1 . . . 5 Energy Cannon 1 | . . . . . . . . . . . . 1 . . . . . . Ballistic Gun 50 | 1 . 4 4 . 6 8 1 2 2 . . . 2 1 . . 1 18 Ballistic Cannon 2 | . . 1 . . . . . . . . . . 1 . . . . . Launcher 6 | . . . . . . . . 2 . . . . 1 1 . . . 2 Special Weapon 4 | . . . . . . 1 . . . . . . 2 . 1 . . . Impact Weapon 4 | . . 2 . . . 2 . . . . . . . . . . . . Slashing Weapon 7 | . . . . . . . . . . . . . 2 1 . 1 . 3 Piercing Weapon 4 | . . . . . . 2 . . . . . . . . . . . 2 Special Melee Weapon . | . . . . . . . . . . . . . . . . . . . Unidentified Prototypes 11 | . . . 2 . . 1 . . . . . . . 4 . . . 4 Parts Lost 76 | . . 3 3 . 9 4 . 1 3 . 2 2 9 . . . . 40 Power 12 | . . . 1 . 2 . . . 1 . . . 2 . . . . 6 Propulsion 11 | . . . . . 2 1 . . 1 . 1 . 1 . . . . 5 Utility 23 | . . . . . 1 1 . . . . . 1 2 . . . . 18 Weapon 30 | . . 3 2 . 4 2 . 1 1 . 1 1 4 . . . . 11 Highest Loss Streak 11 | . . 2 3 . 5 4 . 1 1 . 2 1 4 . . . . 11 Average Slot Usage (%) 89 | . 85 90 90 100 97 99 100 98 93 93 95 88 89 82 81 82 77 80 Engine 5 | . 14 11 4 9 8 7 13 13 8 13 13 11 4 5 5 5 1 . Core 1 | . . . . . . . . . . . . . 4 5 5 5 5 1 Reactor 2 | . . . . . . . . . . . . . . . . . 3 7 Treads 9 | . . . . . 11 21 3 . . . 3 5 4 10 11 11 15 11 Leg 10 | . 28 22 18 18 6 7 23 26 25 26 22 17 15 1 . . . 4 Device 8 | . . 6 11 9 9 7 6 6 6 6 6 5 5 4 5 11 8 13 Storage 11 | . 14 18 18 18 18 15 13 13 13 13 13 11 5 5 5 5 6 9 Processor 4 | . . . . . . . 6 6 6 6 6 11 11 11 11 11 10 4 Hackware 1 | . . . . . . 2 . . . . . 2 4 5 4 . . . Protection 5 | . . . 6 9 8 4 6 6 6 6 6 5 4 5 5 5 4 7 Energy Gun 4 | . 14 10 10 18 4 3 12 4 . . 3 1 2 5 5 5 5 3 Ballistic Gun 16 | . 14 17 19 18 29 21 13 19 24 20 17 11 7 10 11 11 10 11 Naked Turns 7 | . . . . . . . . . . . . . . . . . . 7 Heaviest Build 115 | 12 12 24 40 37 62 69 69 73 71 64 68 68 92 86 82 82 87 115 Greatest Support 240 | 20 20 20 34 34 42 72 70 70 70 70 70 50 75 160 160 160 240 240 Greatest Overweight (x) 4 | . . 1 1 1 2 3 1 1 1 . 2 1 2 1 . . . 4 Average Overweight (x) . | . . . . 1 1 . . . . . . 1 1 . . . . . Largest Inventory Capacity 14 | 6 6 10 12 12 12 14 14 14 14 14 14 14 14 10 10 10 14 14 Average Capacity 12 | 5 6 8 10 12 12 12 14 14 14 14 14 14 10 10 10 10 11 13 Most Carried 14 | 5 6 10 12 12 12 14 14 14 14 14 14 14 14 10 10 10 14 14 Average Carried 11 | 2 5 8 9 11 11 12 12 14 13 14 13 12 10 9 9 10 10 13 Final Capacity 14 | 6 6 10 12 12 12 14 14 14 14 14 14 14 10 10 10 10 14 4 Final Carried 14 | 5 6 10 12 12 12 14 14 14 14 14 14 14 10 10 10 10 14 4 Class Distribution -------------------- 41% | Scavenger-Tank 21% | Scavenger-Gunner 12% | Scavenger-Mutant 6% | Tank 4% | Mutant 4% | Scavenger-Skirmisher 4% | Gunner Dominant Class ---------------- Mutant | -10/Materials Gunner | -9/Materials Tank | -8/Materials Tank | -8/Storage Scavenger-Tank | -8/Garrison Scavenger-Tank | -7/Factory Scavenger-Tank | -6/Factory Scavenger-Tank | -6/Lower Caves Scavenger-Tank | -6/Lower Caves Scavenger-Tank | -6/Data Miner Scavenger-Tank | -5/Proximity Caves Scavenger-Gunner | -5/Factory Scavenger-Gunner | -5/Extension Scavenger-Gunner | -5/Cetus Scavenger-Gunner | -5/Archives Scavenger-Mutant | -5/Hub_04(d) Scavenger-Gunner | -4/Factory Scavenger-Tank | -3/Research Resources | -11 -10 -9 -8 -8 -8 -7 -6 -6 -6 -6 -5 -5 -5 -5 -5 -5 -4 -3 ----------- Run | Scr Mat Mat Mat Sto Gar Fac Fac Low Low Dat Pro Fac Ext Cet Arc Hub Fac Res Matter Collected 8311 | 260 140 399 155 . 833 685 200 324 512 . 123 64 556 152 75 50 132 3651 Remotely . | . . . . . . . . . . . . . . . . . . . Salvage Created 10167 | 126 54 386 205 . 808 810 . 252 466 . 132 74 736 138 133 . 205 5642 Parts 520 | 3 6 37 13 . 35 52 . 16 24 . 2 1 20 7 5 . 9 290 Haulers Intercepted 2 | . . . 1 . . . . . . . . . . . . . . 1 Recyclers Shooed 5 | 1 . 1 1 . . 1 . . . . . . . . . . . 1 Parts Field Recycled . | . . . . . . . . . . . . . . . . . . . Retrieved Matter . | . . . . . . . . . . . . . . . . . . . Parts Self-Destructed 42 | . . . . . . . . 15 22 . 5 . . . . . . . Prevented 2 | . . . . . . . . . . . 2 . . . . . . . Kills | -11 -10 -9 -8 -8 -8 -7 -6 -6 -6 -6 -5 -5 -5 -5 -5 -5 -4 -3 ------- Run | Scr Mat Mat Mat Sto Gar Fac Fac Low Low Dat Pro Fac Ext Cet Arc Hub Fac Res Combat Hostiles Destroyed 166 | . 4 13 5 . 17 14 . 10 8 . 2 1 10 2 1 . 3 76 Melee 1 | . . . . . . . . . . . . . . . . . . 1 Guns 139 | . 4 9 5 . 17 14 . 7 8 . 2 1 3 2 1 . 3 63 Cannons 9 | . . 2 . . . . . . . . . . 7 . . . . . AOE 10 | . . 2 . . . . . 3 . . . . . . . . . 5 Classes Destroyed 17 | 2 1 5 1 . 3 2 . . . . . . 1 . . . . 2 Worker 5 | . . 2 . . . . . . . . . . . . . . . 3 Builder 6 | . . 1 . . . . . . . . . . . . . . . 5 Tunneler 4 | 1 . . . . . 1 . . . . . . . . . . . 2 Hauler 2 | . . . 1 . . . . . . . . . . . . . . 1 Recycler 1 | 1 . . . . . . . . . . . . . . . . . . Mechanic 1 | . . . . . . . . . . . . . 1 . . . . . Drone 1 | . . . . . . . . . . . . . . . . . . 1 Watcher 4 | . . . . . . 1 . . . . . . . . . . . 3 Swarmer 34 | . 4 7 3 . 3 . . 8 . . . . . . . . . 9 Saboteur 2 | . . . . . . . . . . . . . . . . . . 2 Grunt 62 | . . 4 . . 9 9 . 1 5 . 2 . 7 . . . 1 24 Brawler 6 | . . . . . 1 . . . . . . . . . . . . 5 Duelist 6 | . . 1 . . . . . . 2 . . . . . . . . 3 Sentry 15 | . . 1 2 . 1 1 . 1 . . . 1 3 . 1 . 1 3 Hunter 17 | . . . . . 1 . . . . . . . . . . . . 16 Programmer 19 | . . . . . . 4 . . 1 . . . . . . . 1 13 Behemoth 2 | . . . . . 2 . . . . . . . . . . . . . Cetus Guard 2 | . . . . . . . . . . . . . . 2 . . . . Guerrilla 1 | . . . . . . . . . . . . . . . 1 . . . Best Kill Streak 9 | 2 4 7 3 . 3 4 . 4 2 . 2 1 4 1 1 . 2 9 Combat Bots Only 9 | . 4 5 3 . 3 4 . 4 2 . 2 1 4 1 1 . 2 9 Max Kills in Single Turn 3 | 1 1 3 1 . 2 2 . 2 1 . 1 1 1 1 1 . 1 3 Gunslinging 1 | . . . . . 1 1 . . . . . . . . . . . 1 Exploded 2 | . . 2 . . . . . 2 . . . . . . . . . 1 Melee 1 | . . . . . . . . . . . . . . . . . . 1 Uniques/NPCs Destroyed . | . . . . . . . . . . . . . . . . . . . Combat | -11 -10 -9 -8 -8 -8 -7 -6 -6 -6 -6 -5 -5 -5 -5 -5 -5 -4 -3 -------- Run | Scr Mat Mat Mat Sto Gar Fac Fac Low Low Dat Pro Fac Ext Cet Arc Hub Fac Res Damage Taken 20737 | . 93 699 361 . 1869 1446 . 475 721 . 419 235 1298 286 28 116 228 12463 Core 2037 | . 12 66 45 . 243 123 . 5 65 . 38 . 104 17 . . . 1319 Absorbed by Shields 156 | . . . . . . . . . . . . . 61 95 . . . . Reduced by Siege Mode 81 | . . . . . . . . . . . . . . . . . . 81 Core Remaining (%) 85 | 100 95 83 . . 47 82 . . . . 87 . . . . 87 100 . Volleys Fired 530 | 7 10 28 20 . 57 35 . 13 29 . 9 6 50 6 6 5 9 240 Largest 4 | 1 2 3 4 . 4 4 . 4 4 . 4 2 4 3 3 2 3 4 Hottest 266 | 40 60 99 176 . 176 169 . 157 116 . 148 58 266 133 148 68 148 198 Shots Fired 1584 | 7 20 81 43 . 194 114 . 43 108 . 30 12 116 13 10 10 27 756 Gun 1486 | 7 20 69 35 . 194 113 . 39 108 . 30 12 55 11 7 10 27 749 Cannon 65 | . . 12 8 . . . . . . . . . 45 . . . . . Launcher 17 | . . . . . . . . 4 . . . . 4 2 . . . 7 Special 16 | . . . . . . 1 . . . . . . 12 . 3 . . . Kinetic 1174 | . 10 53 24 . 163 85 . 30 108 . 21 12 56 8 6 10 18 570 Thermal 182 | 7 10 22 8 . 31 6 . 9 . . . . 39 . 1 . 9 40 Explosive 6 | . . . . . . . . 4 . . . . . . . . . 2 Electromagnetic 206 | . . 6 11 . . 22 . . . . 9 . 9 5 . . . 144 Robot Hit Streak 41 | 7 4 11 11 . 19 14 . 9 9 . 4 6 11 12 3 2 10 41 Robot Miss Streak 10 | . 3 5 6 . 4 2 . 10 4 . 5 2 5 2 1 2 1 3 Penetration Max 2 | . . . . . . 1 . . 1 . . . 1 1 . 1 1 2 Secondary Targets 28 | . 1 . . . 5 4 . 2 1 . . . . 2 . . . 13 Max Gunslinging Chain 1 | . 1 . . . 1 1 . 1 1 . . . . 1 . . . 1 Shots Hit Robots 1061 | 7 10 43 25 . 122 80 . 24 77 . 19 11 74 10 7 6 21 525 Core Hits 469 | 3 4 20 9 . 38 34 . 20 46 . 15 8 33 7 3 . 8 221 Critical Hits 67 | . . 2 . . 1 1 . . 1 . 2 . 10 1 1 1 2 45 Critical Kills 24 | . . . . . 1 . . . . . . . 2 1 1 . . 19 Critical Parts Destroyed 40 | . . 2 . . . 1 . . 1 . 2 . 8 . . 1 1 24 Melee Attacks 79 | . . 3 . . . 44 . . . . . . 11 . . 1 1 19 Impact 28 | . . 3 . . . 25 . . . . . . . . . . . . Slashing 22 | . . . . . . . . . . . . . 11 . . 1 1 9 Piercing 29 | . . . . . . 19 . . . . . . . . . . . 10 Sneak Attacks 3 | . . . . . . . . . . . . . 1 . . . . 2 Combat Hostiles . | . . . . . . . . . . . . . . . . . . . Follow-up Attacks . | . . . . . . . . . . . . . . . . . . . Damage Inflicted 25640 | 80 127 940 322 . 2209 1615 . 738 1646 . 390 246 2251 398 129 140 500 13909 Guns 21525 | 80 127 427 280 . 2209 1615 . 367 1646 . 390 246 842 223 129 140 500 12304 Cannons 1209 | . . 129 42 . . . . . . . . . 1038 . . . . . Explosions 2535 | . . 384 . . . . . 371 . . . . 242 175 . . . 1363 Melee 336 | . . . . . . . . . . . . . 129 . . . . 207 Ramming 35 | . . . . . . . . . . . . . . . . . . 35 Kinetic 16825 | . 72 313 161 . 1817 1345 . 264 1646 . 234 246 915 159 92 140 297 9124 Thermal 3957 | 80 55 553 82 . 392 50 . 103 . . . . 887 . 37 . 203 1515 Explosive 786 | . . . . . . . . 371 . . . . . . . . . 415 Electromagnetic 3701 | . . 74 79 . . 220 . . . . 156 . 320 239 . . . 2613 Impact . | . . . . . . . . . . . . . . . . . . . Slashing 336 | . . . . . . . . . . . . . 129 . . . . 207 Piercing . | . . . . . . . . . . . . . . . . . . . Highest Corruption 56 | . . . . . 10 1 . . . . . . . . . . . 56 Average Corruption 18 | . . . . . 10 1 . . . . . . . . . . . 32 Corruption Purged 2 | . . . . . . . . . . . . . . . . . . 2 Effects 452 | . . . . . 34 5 . . . . . . . . . . . 413 Message Errors 41 | . . . . . 5 3 . . . . . . . . . . . 33 Matter Fused 34 | . . . . . 5 . . . . . . . . . . . . 29 Heat Flow Errors 19 | . . . . . 6 . . . . . . . . . . . . 13 Energy Discharges 28 | . . . . . 1 1 . . . . . . . . . . . 26 Parts Rejected 4 | . . . . . 1 . . . . . . . . . . . . 3 Data Loss (minor) 19 | . . . . . 3 . . . . . . . . . . . . 16 Data Loss (major) 6 | . . . . . 1 . . . . . . . . . . . . 5 Misfires 11 | . . . . . 2 . . . . . . . . . . . . 9 Alerts 5 | . . . . . . . . . . . . . . . . . . 5 Misdirections 52 | . . . . . 3 . . . . . . . . . . . . 49 Targeting Errors 187 | . . . . . 7 1 . . . . . . . . . . . 179 Weapon Failures 46 | . . . . . . . . . . . . . . . . . . 46 Overload Shots . | . . . . . . . . . . . . . . . . . . . Overflow Damage 253 | . . 169 . . . . . 25 . . . . 2 . . . . 57 Projectiles 2 | . . . . . . . . . . . . . 2 . . . . . Explosions 251 | . . 169 . . . . . 25 . . . . . . . . . 57 Melee . | . . . . . . . . . . . . . . . . . . . Knockbacks 2 | . . 2 . . . . . . . . . . . . . . . . Impact . | . . . . . . . . . . . . . . . . . . . Kinetic 2 | . . 2 . . . . . . . . . . . . . . . . Secondary . | . . . . . . . . . . . . . . . . . . . Self-Inflicted Damage 310 | . . 125 . . . . . . . . . . . . . . . 185 Shots 4 | . . 2 . . . . . . . . . . . . . . . 2 Rammed 5 | . . . . . . . . . . . . . . . . . . 5 Targets Rammed 5 | . . . . . . . . . . . . . . . . . . 5 Kicked . | . . . . . . . . . . . . . . . . . . . Crushed . | . . . . . . . . . . . . . . . . . . . Highest Temperature 430 | . . 144 204 . 398 204 . 17 2 . 78 . 354 6 21 . 8 430 Average Temperature 101 | . . 41 78 . 129 74 . 11 2 . 34 . 118 4 14 . 8 104 Received Heat Transfer 3185 | . . 171 63 . 393 579 . 18 213 . 180 45 383 48 . . 39 1053 Effects 12 | . . . . . 2 . . . . . . . 2 . . . . 8 Shutdowns 5 | . . . . . 1 . . . . . . . 1 . . . . 3 Energy Bleed 2 | . . . . . 1 . . . . . . . . . . . . 1 Interference 3 | . . . . . . . . . . . . . . . . . . 3 Matter Decay 1 | . . . . . . . . . . . . . 1 . . . . . Damage (minor) 1 | . . . . . . . . . . . . . . . . . . 1 Siege Activations 4 | . . . . . . . . . . . . . . . . . . 4 Total Turns 52 | . . . . . . . . . . . . . . . . . . 52 Longest Duration 19 | . . . . . . . . . . . . . . . . . . 19 Robots Corrupted 8 | . . . . . . . . . . . . . . . . . . 8 Combat Hostiles 7 | . . . . . . . . . . . . . . . . . . 7 Parts Fried 18 | . . . . . . . . . . . . . 1 . . . . 17 Impact Corruptions . | . . . . . . . . . . . . . . . . . . . Robots Melted . | . . . . . . . . . . . . . . . . . . . Combat Hostiles . | . . . . . . . . . . . . . . . . . . . Parts Melted 3 | . . 1 . . 1 . . . . . . . 1 . . . . . Heat Transferred 5760 | 175 125 675 185 . 851 111 . 222 . . . . 1373 . 37 . 259 1747 Parts Sabotaged 5 | . . . . . . . . . . . . . . . . . . 5 Parts Stolen . | . . . . . . . . . . . . . . . . . . . Parts Stripped . | . . . . . . . . . . . . . . . . . . . Power Chain Reactions 5 | . . . . . . . . . . . . . . . . . . 5 Missiles Intercepted . | . . . . . . . . . . . . . . . . . . . Alert | -11 -10 -9 -8 -8 -8 -7 -6 -6 -6 -6 -5 -5 -5 -5 -5 -5 -4 -3 ------- Run | Scr Mat Mat Mat Sto Gar Fac Fac Low Low Dat Pro Fac Ext Cet Arc Hub Fac Res Peak Influence 1681 | 10 111 247 209 18 606 351 46 . . . . 62 764 887 417 302 355 1681 Average Influence 478 | 4 84 126 114 18 337 123 11 . . . . 17 310 665 271 45 202 1141 Maximum Alert Level 5 | . . 1 1 . 2 1 . . . . . . 3 3 2 1 1 5 Low Security (%) 44 | 100 100 74 79 100 23 82 100 . . . . 100 43 . 39 92 70 2 Level 1 16 | . . 25 20 . 48 17 . . . . . . 17 . 6 7 29 6 Level 2 12 | . . . . . 27 . . . . . . . 24 57 53 . . 9 Level 3 8 | . . . . . . . . . . . . . 14 42 . . . 19 Level 4 15 | . . . . . . . . . . . . . . . . . . 53 Level 5 . | . . . . . . . . . . . . . . . . . . . High Security 2 | . . . . . . . . . . . . . . . . . . 7 Max Security . | . . . . . . . . . . . . . . . . . . . Squads Dispatched 48 | . 1 2 1 . . 5 . . . . . 1 6 . . 2 1 29 Investigation 1 | . . . . . . . . . . . . . . . . . . 1 Extermination 11 | . . . . . . 4 . . . . . . . . . . 1 6 Reinforcement 18 | . 1 2 1 . . 1 . . . . . 1 4 . . 2 . 6 Assault 13 | . . . . . . . . . . . . . 2 . . . . 11 Garrison 5 | . . . . . . . . . . . . . . . . . . 5 Intercept . | . . . . . . . . . . . . . . . . . . . Construction Impeded 7 | . . . . . . . . . . . . . 2 . . 1 . 4 Haulers Reinforced 1 | . . . . . . . . . . . . . . . . . . 1 Stealth | -11 -10 -9 -8 -8 -8 -7 -6 -6 -6 -6 -5 -5 -5 -5 -5 -5 -4 -3 --------- Run | Scr Mat Mat Mat Sto Gar Fac Fac Low Low Dat Pro Fac Ext Cet Arc Hub Fac Res Distress Signals 17 | . . 2 2 . . 3 . . . . . . 4 1 . 2 . 3 Communications Jammed . | . . . . . . . . . . . . . . . . . . . Distress Signals . | . . . . . . . . . . . . . . . . . . . Times Spotted 331 | . 6 31 12 . 19 25 . 10 15 . 6 4 45 13 2 4 7 132 Peak Tracking Total 24 | . 3 6 4 . 5 7 . 4 5 . 5 2 9 4 1 3 4 24 Tactical Retreats 32 | . 1 8 1 . 3 . . . 6 . 1 . 1 1 . . . 10 Traps | -11 -10 -9 -8 -8 -8 -7 -6 -6 -6 -6 -5 -5 -5 -5 -5 -5 -4 -3 ------- Run | Scr Mat Mat Mat Sto Gar Fac Fac Low Low Dat Pro Fac Ext Cet Arc Hub Fac Res Traps Triggered 13 | . . . . . 4 4 . . . . . . 2 . . . . 3 Indirectly . | . . . . . . . . . . . . . . . . . . . Trap Hack Attempts . | . . . . . . . . . . . . . . . . . . . Triggered . | . . . . . . . . . . . . . . . . . . . Disarmed . | . . . . . . . . . . . . . . . . . . . Reprogrammed . | . . . . . . . . . . . . . . . . . . . Reused . | . . . . . . . . . . . . . . . . . . . Traps Extracted . | . . . . . . . . . . . . . . . . . . . Installed . | . . . . . . . . . . . . . . . . . . . Triggered 4 | . . . . . . . . 4 . . . . . . . . . . Machines | -11 -10 -9 -8 -8 -8 -7 -6 -6 -6 -6 -5 -5 -5 -5 -5 -5 -4 -3 ---------- Run | Scr Mat Mat Mat Sto Gar Fac Fac Low Low Dat Pro Fac Ext Cet Arc Hub Fac Res Machines Disabled 20 | . . 3 . . 2 1 . . . . . 1 5 1 3 . . 4 Max in Single Turn 3 | . . 3 . . 1 1 . . . . . 1 1 1 2 . . 1 Garrison Access 2 | . . . . . . . . . . . . . . . . . . 2 Garrison Relay 2 | . . . . . 2 . . . . . . . . . . . . . Machines Sabotaged . | . . . . . . . . . . . . . . . . . . . Garrisons Compromised . | . . . . . . . . . . . . . . . . . . . Overloaded Fab Kills . | . . . . . . . . . . . . . . . . . . . Fab Network Shutdowns . | . . . . . . . . . . . . . . . . . . . Hacking | -11 -10 -9 -8 -8 -8 -7 -6 -6 -6 -6 -5 -5 -5 -5 -5 -5 -4 -3 --------- Run | Scr Mat Mat Mat Sto Gar Fac Fac Low Low Dat Pro Fac Ext Cet Arc Hub Fac Res Machines Accessed 52 | . 1 2 3 1 . 6 3 . . 4 . 4 16 4 1 2 1 4 Terminals 45 | . 1 2 3 . . 6 3 . . . . 4 16 4 . 2 1 3 Fabricators . | . . . . . . . . . . . . . . . . . . . Repair Stations . | . . . . . . . . . . . . . . . . . . . Recycling Units . | . . . . . . . . . . . . . . . . . . . Scanalyzers . | . . . . . . . . . . . . . . . . . . . Garrison Access 2 | . . . . 1 . . . . . . . . . . . . . 1 Total Hacks 173 | . 1 9 12 1 . 17 9 . . 31 . 12 31 8 25 7 1 9 Successful 107 | . . 6 4 1 . 5 7 . . 31 . 7 12 2 25 5 . 2 Failed 66 | . 1 3 8 . . 12 2 . . . . 5 19 6 . 2 1 7 Catastrophic 19 | . 1 . 1 . . 1 1 . . . . 1 8 1 . . 1 4 Database Lockouts . | . . . . . . . . . . . . . . . . . . . Manual 88 | . . 7 8 . . 13 5 . . . . 8 26 3 6 3 1 8 Terminals 115 | . 1 9 12 . . 17 9 . . . . 12 31 8 . 7 1 8 Fabricators . | . . . . . . . . . . . . . . . . . . . Repair Stations . | . . . . . . . . . . . . . . . . . . . Recycling Units . | . . . . . . . . . . . . . . . . . . . Scanalyzers . | . . . . . . . . . . . . . . . . . . . Garrison Access 2 | . . . . 1 . . . . . . . . . . . . . 1 Terminal Hacks 95 | . . 5 3 . . 3 6 . . 31 . 5 10 2 25 4 . 1 Record 38 | . . . . . . . 1 . . 11 . . . 1 25 . . . Part Schematic 10 | . . . . . . . . . . 10 . . . . . . . . Robot Schematic 7 | . . . . . . . . . . 7 . . . . . . . . Prototype ID Bank 3 | . . . . . . . . . . 3 . . . . . . . . Open Door 1 | . . . . . . . . . . . . . . 1 . . . . Level Access Points 1 | . . . . . . . . . . . . . . . . 1 . . Branch Access Points 2 | . . . . . . . 1 . . . . . . . . 1 . . Terminal Index 7 | . . 1 1 . . 1 1 . . . . . 1 . . 1 . 1 Unreport Threat 9 | . . 1 1 . . 1 1 . . . . 1 4 . . . . . Locate Traps 4 | . . 1 . . . . 1 . . . . 1 1 . . . . . Recall Reinforcements 1 | . . . 1 . . . . . . . . . . . . . . . Hauler Manifests 3 | . . 1 . . . 1 . . . . . . 1 . . . . . Registered Components 5 | . . . . . . . . . . . . 2 2 . . 1 . . Zone Layout 4 | . . 1 . . . . 1 . . . . 1 1 . . . . . Fabricator Hacks . | . . . . . . . . . . . . . . . . . . . Repair Station Hacks . | . . . . . . . . . . . . . . . . . . . Recycling Unit Hacks . | . . . . . . . . . . . . . . . . . . . Scanalyzer . | . . . . . . . . . . . . . . . . . . . Garrison Access Hacks 2 | . . . . 1 . . . . . . . . . . . . . 1 Unlock Access 1 | . . . . 1 . . . . . . . . . . . . . . Seal Access 1 | . . . . . . . . . . . . . . . . . . 1 Unauthorized Hacks 31 | . . 3 5 . . 6 3 . . . . 4 6 . . 3 1 . Terminals 10 | . . 1 1 . . 2 1 . . . . 2 2 . . 1 . . Botnet 10 | . . 1 1 . . 2 1 . . . . 2 2 . . 1 . . Fabricators . | . . . . . . . . . . . . . . . . . . . Repair Stations . | . . . . . . . . . . . . . . . . . . . Recycling Units . | . . . . . . . . . . . . . . . . . . . Scanalyzers . | . . . . . . . . . . . . . . . . . . . Garrison Access . | . . . . . . . . . . . . . . . . . . . Data Cores Recovered . | . . . . . . . . . . . . . . . . . . . Used . | . . . . . . . . . . . . . . . . . . . Hacking Detections 40 | . 1 2 3 . . 6 3 . . . . 4 11 4 . 2 1 3 Full Trace Events . | . . . . . . . . . . . . . . . . . . . Feedback Events . | . . . . . . . . . . . . . . . . . . . Feedback Blocked . | . . . . . . . . . . . . . . . . . . . Robot Schematics Acquired 7 | . . . . . . . . . . 7 . . . . . . . . Robots Built . | . . . . . . . . . . . . . . . . . . . Matter . | . . . . . . . . . . . . . . . . . . . Time . | . . . . . . . . . . . . . . . . . . . Total Robot Build Rating . | . . . . . . . . . . . . . . . . . . . Part Schematics Acquired 10 | . . . . . . . . . . 10 . . . . . . . . Parts Built . | . . . . . . . . . . . . . . . . . . . Matter . | . . . . . . . . . . . . . . . . . . . Time . | . . . . . . . . . . . . . . . . . . . Total Part Build Rating . | . . . . . . . . . . . . . . . . . . . Parts Repaired . | . . . . . . . . . . . . . . . . . . . Time . | . . . . . . . . . . . . . . . . . . . Parts Recycled . | . . . . . . . . . . . . . . . . . . . Recycled Matter . | . . . . . . . . . . . . . . . . . . . Retrieved Matter . | . . . . . . . . . . . . . . . . . . . Retrieved Components . | . . . . . . . . . . . . . . . . . . . Parts Scanalyzed . | . . . . . . . . . . . . . . . . . . . Part Schematics Acquired . | . . . . . . . . . . . . . . . . . . . Parts Damaged . | . . . . . . . . . . . . . . . . . . . Bothacking | -11 -10 -9 -8 -8 -8 -7 -6 -6 -6 -6 -5 -5 -5 -5 -5 -5 -4 -3 ------------ Run | Scr Mat Mat Mat Sto Gar Fac Fac Low Low Dat Pro Fac Ext Cet Arc Hub Fac Res Used RIF Installer 1 | . . . . . 1 . . . . . . . . . . . . . Robots Hacked 2 | . . . . . . 1 . . . . . . . . 1 . . . Non-combat 1 | . . . . . . . . . . . . . . . 1 . . . Combat 1 | . . . . . . 1 . . . . . . . . . . . . Robot Hacks Applied 4 | . . . . . . 1 . . . . . . . . 3 . . . purge_threat 2 | . . . . . . . . . . . . . . . 2 . . . formatsys_low 1 | . . . . . . . . . . . . . . . 1 . . . formatsys_high 1 | . . . . . . 1 . . . . . . . . . . . . Relay Couplers Released 9 | . . . . . 8 . . . . . . . . . . . . 1 Machine Destruction 9 | . . . . . 8 . . . . . . . . . . . . 1 Attached 3 | . . . . . . 1 . . . . . . 1 . 1 . . . Robots Rewired 12 | . . . . . . . . . . . . . 12 . . . . . Allies Hacked 2 | . . . . . . 1 . . . . . . . . . . . 1 Hacks Repelled . | . . . . . . . . . . . . . . . . . . . Allies | -11 -10 -9 -8 -8 -8 -7 -6 -6 -6 -6 -5 -5 -5 -5 -5 -5 -4 -3 -------- Run | Scr Mat Mat Mat Sto Gar Fac Fac Low Low Dat Pro Fac Ext Cet Arc Hub Fac Res Total Allies 35 | . . . . . . 1 . . . . 1 . 27 5 1 . . . Largest Group 18 | . . . . . . 1 . . . . 1 . 15 18 12 7 7 7 Highest-Rated Group 934 | . . . . . . 32 . . . . 94 . 579 934 708 470 463 463 Highest-Rated Ally 156 | . . . . . . 32 . . . . 94 . 156 138 138 94 94 94 Total Orders 7 | . . . . . . 6 . . . . . . . . . . . 1 GOTO 4 | . . . . . . 3 . . . . . . . . . . . 1 FOLLOW 3 | . . . . . . 3 . . . . . . . . . . . . Ally Attacks 371 | . . . . . . 5 . . . . 15 . 178 82 11 20 17 43 Total Damage 9463 | . . . . . . 130 . . . . 524 . 3572 2022 515 735 561 1404 Kills 71 | . . . . . . 1 . . . . 3 . 35 14 3 5 4 6 Allies Corrupted 2 | . . . . . . . . . . . . . 2 . . . . . Allies Melted . | . . . . . . . . . . . . . . . . . . . Intel | -11 -10 -9 -8 -8 -8 -7 -6 -6 -6 -6 -5 -5 -5 -5 -5 -5 -4 -3 ------- Run | Scr Mat Mat Mat Sto Gar Fac Fac Low Low Dat Pro Fac Ext Cet Arc Hub Fac Res Robot Analysis Total . | . . . . . . . . . . . . . . . . . . . Derelict Logs Recovered 4 | . . . . . . . . 1 1 . 2 . . . . . . . Drone Launches . | . . . . . . . . . . . . . . . . . . . Drone Recoveries . | . . . . . . . . . . . . . . . . . . . Exploration | -11 -10 -9 -8 -8 -8 -7 -6 -6 -6 -6 -5 -5 -5 -5 -5 -5 -4 -3 ------------- Run | Scr Mat Mat Mat Sto Gar Fac Fac Low Low Dat Pro Fac Ext Cet Arc Hub Fac Res Turns Passed 13304 | 68 244 553 642 42 1178 2224 322 477 641 96 405 235 1128 490 481 184 548 3346 Spaces Moved 6740 | 39 173 299 290 25 552 1032 200 334 413 79 271 134 512 251 286 104 312 1434 Core 44 | 9 . . . . . . . . . . . . . . . . . 35 Treads 3289 | . . . . . 376 628 . . . . 2 . 187 251 286 104 312 1143 Legs 3407 | 30 173 299 290 25 176 404 200 334 413 79 269 134 325 . . . . 256 Wheels . | . . . . . . . . . . . . . . . . . . . Hover . | . . . . . . . . . . . . . . . . . . . Flight . | . . . . . . . . . . . . . . . . . . . Fastest Speed 50 | 50 120 120 125 160 152 123 122 122 122 122 122 150 120 160 160 160 160 50 Average Speed 150 | 103 120 129 142 160 169 164 133 122 123 122 134 150 161 161 160 160 160 155 Slowest Speed 240 | 120 120 150 160 160 200 210 153 152 153 122 210 150 180 180 160 160 160 240 Overloaded Moves . | . . . . . . . . . . . . . . . . . . . Propulsion Burnouts . | . . . . . . . . . . . . . . . . . . . Robots Hopped . | . . . . . . . . . . . . . . . . . . . Cave-ins Triggered 2 | . . . . . 1 . . . . . . . . . . . . 1 Exploration Rate (%) 40 | 2 37 35 31 7 60 27 6 68 59 74 49 6 73 86 98 19 8 32 Regions Visited 18 Branch Regions 9 Pre-discovered Areas 1 | . . . . . . . . . . 1 . . . . . . . . Known Exits Taken 5 | . . . . 1 . . 1 1 . . . 1 . . . 1 . . Unknown Exits Taken 12 | 1 1 1 1 . . 1 . . 1 1 1 . 1 1 1 . 1 . Scrap Searched 9 | . . . . . . . . 3 3 . 3 . . . . . . . Spaces Dug 45 | . . 2 . . . 19 . . . . . . 8 . . 1 1 14 Terrain Destroyed 279 | . . 41 1 . 1 19 . 51 6 . . . 25 . 1 3 8 123 Melee 45 | . . 2 . . . 19 . . . . . . 8 . . 1 1 14 Projectile 81 | . . 2 1 . 1 . . 4 6 . . . 17 . 1 2 7 40 AOE 153 | . . 37 . . . . . 47 . . . . . . . . . 69 Actions | -11 -10 -9 -8 -8 -8 -7 -6 -6 -6 -6 -5 -5 -5 -5 -5 -5 -4 -3 --------- Run | Scr Mat Mat Mat Sto Gar Fac Fac Low Low Dat Pro Fac Ext Cet Arc Hub Fac Res Total 8765 | 56 190 402 487 27 711 1400 257 368 471 78 291 156 712 325 302 110 341 2081 Wait 841 | . 3 44 144 . 53 212 42 16 21 . 3 11 49 42 6 . 1 194 Move 6722 | 38 172 298 289 25 550 1031 199 333 412 78 270 133 511 250 285 103 311 1434 Hop . | . . . . . . . . . . . . . . . . . . . Pick Up 108 | 5 2 8 8 1 12 11 6 . 1 . 2 2 12 4 1 . 6 27 Fast Attach 118 | 6 . 3 8 . 6 12 1 1 2 . 2 1 13 7 1 . 3 52 Attach 47 | . . 2 3 . 6 3 3 . 2 . 1 2 5 . . . 2 18 Detach 19 | . . 1 1 . 1 3 1 . . . . . 2 . 1 . 1 8 Swap 86 | . 1 9 4 . 3 21 . 4 2 . 1 . 7 3 2 1 1 27 Drop 148 | . 2 6 10 1 8 15 5 1 2 . 3 1 18 13 . . 6 57 Fire 530 | 7 10 28 20 . 57 35 . 13 29 . 9 6 50 6 6 5 9 240 Melee 79 | . . 3 . . . 44 . . . . . . 11 . . 1 1 19 Ram 2 | . . . . . . . . . . . . . . . . . . 2 Kick . | . . . . . . . . . . . . . . . . . . . Crush 3 | . . . . . . . . . . . . . . . . . . 3 Escape Stasis 19 | . . . . . 15 . . . . . . . 4 . . . . . Rewire 43 | . . . . . . 13 . . . . . . 30 . . . . . Trap . | . . . . . . . . . . . . . . . . . . . Miscellaneous . | . . . . . . . . . . . . . . . . . . . Route ------- -11/Scrapyard -10/Materials -9/Materials -8/Materials -8/Storage -8/Garrison (discovered 2 exits: *Fac x2) -7/Factory -6/Factory (discovered 2 exits: *Low x2) -6/Lower Caves -6/Lower Caves (discovered 2 exits: *Fac / *Dat) -6/Data Miner -5/Proximity Caves -5/Factory -5/Extension (discovered 2 exits: *Fac / *Cet) -5/Cetus (discovered 2 exits: *Fac / *Arc) -5/Archives (discovered 3 exits: *Fac / *Hub x2) -5/Hub_04(d) (discovered 4 exits: *Fac x4) -4/Factory -3/Research (discovered 1 exit: [*Qua]) History --------- Turn | Location | Event 13 | -11/Scrapyard | Discovered new exit (range 16) 69 | -11/Scrapyard | Entered Materials 285 | -10/Materials | Discovered new exit (range 15) 313 | -10/Materials | Build established: Mutant 313 | -10/Materials | Entered another Materials area 313 | -9/Materials | Evolved 2 slots: Utility x1, Weapon x1 805 | -9/Materials | Discovered new exit (range 16) 866 | -9/Materials | Entered another Materials area 866 | -8/Materials | Evolved 2 slots: Utility x1, Weapon x1 1007 | -8/Materials | Lost 3 parts (1p2w) 1445 | -8/Materials | Discovered new exit (range 10) 1508 | -8/Materials | Entered Storage 1550 | -8/Storage | Identified exit to Garrison 1550 | -8/Storage | Entered Garrison 1590 | -8/Garrison | Triggered checkpoint 1637 | -8/Garrison | Build established: Tank 1642 | -8/Garrison | Garrison Relay disabled 1822 | -8/Garrison | Triggered checkpoint 1871 | -8/Garrison | Spotted B-75 Beast 1871 | -8/Garrison | Spotted B-75 Beast 1952 | -8/Garrison | Discovered new exit (range 15) 1989 | -8/Garrison | Attempted to access garrison exit controls, blocked by remote lockdown 2022 | -8/Garrison | Destroyed B-75 Beast 2042 | -8/Garrison | Crushed by falling debris 2042 | -8/Garrison | System corruption reached 10% 2045 | -8/Garrison | Destroyed B-75 Beast 2073 | -8/Garrison | Lost 5 parts (2p1n2w) 2276 | -8/Garrison | Build established: Scavenger-Tank 2283 | -8/Garrison | Triggered checkpoint 2403 | -8/Garrison | Garrison Relay disabled 2504 | -8/Garrison | Triggered checkpoint 2569 | -8/Garrison | Discovered new exit (range 12) 2600 | -8/Garrison | Installed Relay Interface Framework 2635 | -8/Garrison | Core integrity fell below 50% 2694 | -8/Garrison | Triggered checkpoint 2728 | -8/Garrison | Entered Factory 2728 | -7/Factory | Evolved 2 slots: Propulsion x2 3995 | -7/Factory | Build established: Scavenger-Skirmisher 4777 | -7/Factory | Lost 4 parts (1n1u2w) 4844 | -7/Factory | Discovered new exit (range 9) 4952 | -7/Factory | Entered another Factory area 4952 | -6/Factory | Evolved 2 slots: Power x1, Utility x1 4974 | -6/Factory | Build established: Scavenger-Tank 5083 | -6/Factory | Discovered new exit (range 17) 5238 | -6/Factory | Identified exit to Lower Caves 5274 | -6/Factory | Entered Lower Caves 5282 | -6/Lower Caves | Identified exit to Lower Caves 5370 | -6/Lower Caves | Attracted the attention of an 0b10 checkpoint 5751 | -6/Lower Caves | Entered another Lower Caves area 5764 | -6/Lower Caves | Discovered new exit (range 14) 6378 | -6/Lower Caves | Discovered new exit (range 12) 6392 | -6/Lower Caves | Entered Data Miner 6392 | -6/Data Miner | Discovered new exit (range 6) 6408 | -6/Data Miner | Met Data Miner 6439 | -6/Data Miner | Learned location of Section 7 (-2) 6439 | -6/Data Miner | Acquired the access code to Warlord's prototype stash 6461 | -6/Data Miner | Received God Mode back door access code from Data Miner 6488 | -6/Data Miner | Entered Proximity Caves 6488 | -5/Proximity Caves | Spotted B-75 Beast 6490 | -5/Proximity Caves | Learned location of 1 exit from Factory 6491 | -5/Proximity Caves | Learned Factory trap positions 6750 | -5/Proximity Caves | Escorted by Enhanced Grunt 6884 | -5/Proximity Caves | Discovered new exit (range 7) 6893 | -5/Proximity Caves | Entered Factory 6893 | -5/Factory | Evolved 2 slots: Utility x2 6894 | -5/Factory | Identified exit to Extension 6895 | -5/Factory | Loaded intel: 95 trap records 7128 | -5/Factory | Entered Extension 7239 | -5/Extension | Lost 4 parts (1n2u1w) 7308 | -5/Extension | Lost 3 parts (1p2w) 7459 | -5/Extension | Rescued a captive Derelict 7460 | -5/Extension | Rescued a captive Derelict 7497 | -5/Extension | Rescued a captive Derelict 7498 | -5/Extension | Rescued a captive Derelict 7584 | -5/Extension | Rescued A7 7618 | -5/Extension | Spotted B-75 Beast 7626 | -5/Extension | Rescued a captive Derelict 7627 | -5/Extension | Rescued a captive Derelict 7635 | -5/Extension | Spotted B-75 Beast 7648 | -5/Extension | Allies destroyed B-75 Beast 7664 | -5/Extension | Allies destroyed B-75 Beast 7988 | -5/Extension | Rescued a captive Derelict 7989 | -5/Extension | Rescued a captive Derelict 8013 | -5/Extension | Rescued a captive Derelict 8028 | -5/Extension | First assault squad dispatched 8056 | -5/Extension | Rescued a captive Derelict 8061 | -5/Extension | Rescued a captive Derelict 8061 | -5/Extension | Rescued a captive Derelict 8081 | -5/Extension | Incoming assault squad redirected 8093 | -5/Extension | Rescued a captive Derelict 8160 | -5/Extension | Rescued a captive Derelict 8221 | -5/Extension | Discovered new exit (range 10) 8223 | -5/Extension | Discovered new exit (range 6) 8256 | -5/Extension | Entered Cetus 8256 | -5/Cetus | Accompanied by 15 allies 8261 | -5/Cetus | Acquired a Cetus Manufacturing Module code from A7 8273 | -5/Cetus | Spotted Cetus Guard 8274 | -5/Cetus | Spotted Cetus Guard 8279 | -5/Cetus | Spotted Cetus Guard 8287 | -5/Cetus | Spotted Cetus Guard 8297 | -5/Cetus | Allies destroyed Cetus Guard 8301 | -5/Cetus | Allies destroyed Cetus Guard 8302 | -5/Cetus | Destroyed Cetus Guard 8302 | -5/Cetus | Allies destroyed Cetus Guard 8390 | -5/Cetus | Escorted A7 to Cetus Mainframe 8403 | -5/Cetus | Started Cetus Manufacturing Module 8428 | -5/Cetus | Manufactured an Enhanced Grunt 8453 | -5/Cetus | Manufactured an Enhanced Grunt 8478 | -5/Cetus | Manufactured an Enhanced Grunt 8493 | -5/Cetus | Discovered new exit (range 22) 8503 | -5/Cetus | Manufactured an Enhanced Grunt 8527 | -5/Cetus | Spotted Cetus Guard 8527 | -5/Cetus | Spotted Cetus Guard 8528 | -5/Cetus | Manufactured an Enhanced Grunt 8530 | -5/Cetus | Spotted Cetus Guard 8532 | -5/Cetus | Allies destroyed Cetus Guard 8532 | -5/Cetus | Spotted Cetus Guard 8536 | -5/Cetus | Destroyed Cetus Guard 8541 | -5/Cetus | Discovered new exit (range 21) 8542 | -5/Cetus | Allies destroyed Cetus Guard 8550 | -5/Cetus | Allies destroyed Cetus Guard 8558 | -5/Cetus | Met Revision 17 8746 | -5/Cetus | Entered Archives 8746 | -5/Archives | Accompanied by 12 allies 8751 | -5/Archives | Received a hacking code to weaken MAIN.C 8780 | -5/Archives | Discovered new exit (range 22) 8788 | -5/Archives | Unable to access archive contents 8804 | -5/Archives | Unable to access archive contents 8810 | -5/Archives | Discovered new exit (range 17) 8820 | -5/Archives | Unable to access archive contents 8826 | -5/Archives | Discovered new exit (range 17) 8955 | -5/Archives | Build established: Scavenger-Gunner 8997 | -5/Archives | Unable to access archive contents 9073 | -5/Archives | Unable to access archive contents 9089 | -5/Archives | Unable to access archive contents 9105 | -5/Archives | Unable to access archive contents 9122 | -5/Archives | Unable to access archive contents 9140 | -5/Archives | Unable to access archive contents 9227 | -5/Archives | Entered Hub_04(d) 9227 | -5/Hub_04(d) | Accompanied by 7 allies 9315 | -5/Hub_04(d) | Identified exit to Factory 9332 | -5/Hub_04(d) | Build established: Scavenger-Mutant 9411 | -5/Hub_04(d) | Entered Factory 9411 | -4/Factory | Accompanied by 7 allies 9411 | -4/Factory | Evolved 2 slots: Propulsion x2 9717 | -4/Factory | Found Hvy. Reflective Plating 9940 | -4/Factory | Discovered new exit (range 3) 9959 | -4/Factory | Entered Research 9959 | -3/Research | Accompanied by 7 allies 9959 | -3/Research | Evolved 2 slots: Utility x2 9995 | -3/Research | Build established: Scavenger-Gunner 10101 | -3/Research | Found Prototype Processor 10101 | -3/Research | Identified Spectral Analyzer 10329 | -3/Research | Spotted B-86 Titan 10337 | -3/Research | Garrison activated, responded to threat 10350 | -3/Research | Allies destroyed B-86 Titan 10409 | -3/Research | Crushed by falling debris 10409 | -3/Research | System corruption reached 10% 10424 | -3/Research | Incoming assault squad redirected 10467 | -3/Research | Lost 6 parts (1p5u) 10471 | -3/Research | Destroyed 9 combat bots 10786 | -3/Research | Garrison activated, responded to threat 10967 | -3/Research | Found Prototype Processor 10968 | -3/Research | Identified Exp. Signal Interpreter 11000 | -3/Research | Build established: Scavenger-Tank 11147 | -3/Research | Garrison activated, responded to threat 11175 | -3/Research | Lost 3 parts (1n2u) 11709 | -3/Research | First assault squad dispatched 11879 | -3/Research | Incoming investigation squad redirected 11905 | -3/Research | Lost 3 parts (2u1w) 11911 | -3/Research | System corruption reached 30% 11955 | -3/Research | Lost 5 parts (2p2u1w) 12132 | -3/Research | Found Enh. Force Lance 12398 | -3/Research | Discovered new exit (range 16) 12731 | -3/Research | Incoming assault squad redirected 13039 | -3/Research | High security lockdown imminent 13119 | -3/Research | High security lockdown engaged 13282 | -3/Research | Spotted Executioner 13283 | -3/Research | Core integrity fell below 50% 13300 | -3/Research | Core integrity fell below 20% 13305 | -3/Research | Destroyed by Y-72 Warden with Railgun Last Messages --------------- 13285_ Penetrated by Slug. 13285_ System Backup Module destroyed. 13285_ Slug penetrates G-73 Enforcer. 13288_ System corrupted: Component data lost. 13289_ Slug penetrates Wall. 13290_ C-30 ARC bursts open, deploying its payload. 13290_ G-73 Enforcer unfolds itself. 13290_ L-61 Swordsman unfolds itself. 13290_ B-74 Champion unfolds itself. 13290_ E-15 Imp unfolds itself. 13294_ P-80 Master resets G-67 Veteran, system corruption cleaned. 13296_ Slug penetrates Scanalyzer. 13298_ Adv. Heat Sink blown off. 13298_ E-15 Imp destroyed. 13300_ C-30 ARC bursts open, deploying its payload. 13300_ G-73 Enforcer unfolds itself. 13300_ L-61 Swordsman unfolds itself. 13300_ G-67 Veteran unfolds itself. 13300_ M-36 Artificer unfolds itself. 13303_ Slammed into L-61 Swordsman. Map ----- +----------------------------------------------------+ | ????????????????# [*#*[ #== # | | ????????????????# *=!#!=[ # ]! # | | ??????????????? " =%]/*=[ + ! # | | ????????????????# /=#!%" # # | | ?????????????????#############/% # # | | ???????????????????#########?# # # | | ???????????????????# = ?# # # | | ???????????????????# ! # # # | | ???????????????????# # ########## | | ???????????????????#=// " + #????????? | | ???????????????????#=// "%" # #??####### | | ???????????????????#=/ " " #??! # | | ???????????????????# " #? # | | ???????????????????# # #? # | | ??????????????????############ # # | | ?????????????????? ????????# # # | | ??????????????????? ????????# + # | | ??????????????????? ???????# # # | | ??????????????????? ???????# # # | | ?????????????????"? ??????# #? # | | ???????????????? "" ??#######;###########? | | ???????????????? """ ?# m l!%"""S""" #? | | ???????????????!! T" ?# !""" """ #? | | ???????????????! """ # g""" #? | | ????????????# !! "" l#% """ #? | | ????????????# @ g""" #? | | ????????????# # g #? | | ?????????????######+###### # | | ?????????????????????########+############### | | ?????????????????????# % #?????????? | | ?????????????????????# #?????????? | | ?????????????????????# """ ""#?????????? | | ?????????????????????# """ """#?????????? | | ?????????????????????# """ R"#?????????? | | ?????????????????????# """#?????????? | | ??????????????????????? ""#?????????? | | ??????????????????????? """ #?????????? | | ?????????????????????? """ #?????????? | | ????????????????????????""" ??????????? | | ?????????????????????????? #?????????? | | ?????????????????????????? ?????????? | | ??????????????????????????#########?????????? | | ????????????????????????????????????????????? | | ????????????????????????????????????????????? | | ????????????????????????????????????????????? | | ????????????????????????????????????????????? | | ????????????????????????????????????????????? | | ????????????????????????????????????????????? | | ????????????????????????????????????????????? | | ????????????????????????????????????????????? | +----------------------------------------------------+ Best States ------------- Heat Dissipation 89 Energy Generation 41 Energy Capacity 1350 Matter Stores 300 Matter Capacity 300 Sight Range 24 Robot Scan Range 16 Terrain Scan Density 10 ECM Strength 1 EM Shielding 2 Corruption Prevention 12 Armor Coverage 1650 Resistance: KI 20 Resistance: TH 25 Core Shielding 30 Propulsion Shielding 33 Weapon Cycling 20 Phase Shifting 10 Evasion (%) 50 Target Analysis 8 Core Analysis 10 Armor Integrity Analysis 50 Recoil Reduction 12 Kinecelleration 40 Offensive Hacking 11 Item Schematics ----------------- Combat Drone Bay | -6/Data Miner | Free Lgt. Regenerative Plating | -6/Data Miner | Free Exp. Sensor Array | -6/Data Miner | Free Tactical Coordination Suite | -6/Data Miner | Free Exp. Terrain Scan Processor | -6/Data Miner | Free Cmb. Gravmag System | -6/Data Miner | Free Exp. Transmission Jammer | -6/Data Miner | Free Exp. ECM Suite | -6/Data Miner | Free Cloaking Device | -6/Data Miner | Free Mni. Smartbomb Launcher | -6/Data Miner | Free Robot Schematics ------------------ S-27 Virus | -6/Data Miner | Free G-50 Soldier | -6/Data Miner | Free X-72 Disruptor | -6/Data Miner | Free L-41 Fighter | -6/Data Miner | Free H-66 Slayer | -6/Data Miner | Free I-36 Angel | -6/Data Miner | Free I-47 Archangel | -6/Data Miner | Free Fabricated ------------ Nothing Alien Tech Used ----------------- None Achievements -------------- Project G-00 Challenges ------------ None Game ------ Seed HardcellCorruptionNanovents Manual? 0 Play Time 02:48:47 Cumulative 102.3 hours Start 2020.03.09 @ 19:35:40 End 2020.03.10 @ 02:23:43 Sessions 3 Manual Loads 0 Difficulty Rogue Special Mode None Game No. 99 Rogue 99 Adventurer 0 Explorer 0 Win Type - Total 1 Types 1/0/0/0/0/0/0 Lore% 58 Gallery% 61 Achievement% 48 Wizard Run 0 Options --------- ASCII 0 Keyboard 1 Movement Vi Keybinds 0 Fullscreen 1 Font 18/X11 Map View 76x50 Tactical HUD 1 Map Filters NONE Filters NONE Steam 1 RUN: 5f505e05-c381-47ab-86e0-a9e7d930e149